 Dungeon Crawl Stone Soup version 0.27-a0-1081-ge8a0a9c (webtiles) character file.

Game seed: 12889960849911143053

58 Otlao the Skirmisher (level 4, -1/37 HPs)
             Began as a Ghoul Wanderer on Apr 25, 2021.
             Slain by a kobold brigand
             ... wielding a +0 short sword
              (6 damage)
             ... on level 2 of the Dungeon.
             The game lasted 00:05:59 (2322 turns).

Otlao the Skirmisher (Ghoul Wanderer)               Turns: 2322, Time: 00:06:00

Health: -1/37      AC:  4    Str: 18    XL:     4   Next: 2%
Magic:  4/4        EV:  8    Int:  6    God:
Gold:   102        SH:  7    Dex:  7    Spells: 4/5 levels left

rFire    . . .     SeeInvis .     - Unarmed
rCold    + . .     Faith    .   b - +0 kite shield
rNeg     + + +     Spirit   .   a - +0 leather armour
rPois    ∞         Reflect  .   (no helmet)
rElec    .         Harm     .   (no cloak)
rCorr    .         Rampage  .   d - +0 pair of gloves
Will     .....                  (no boots)
Stlth    +.........             (no amulet)
HPRegen  0.00/turn              (no ring)
MPRegen  0.09/turn              (no ring)

@: no status effects
A: claws 1, cold resistance 1, negative energy resistance 3, inhibited
regeneration, torment resistance 2, unbreathing 1
a: no special abilities


You were on level 2 of the Dungeon.
You visited 1 branch of the dungeon, and saw 2 of its levels.

You collected 102 gold pieces.

Inventory:

Armour
 a - a +0 leather armour (worn)
 b - a +0 kite shield (worn)
 d - a +0 pair of gloves (worn)
Scrolls
 c - 2 scrolls of identify
 f - a scroll of teleportation
Potions
 e - 2 potions of curing
 g - a potion of heal wounds {unknown}
 h - a potion of invisibility {unknown}


   Skills:
 + Level 2.6 Fighting
 - Level 1.0 Polearms
 - Level 1.0 Throwing
 + Level 1.5 Dodging
 - Level 1.1 Stealth
 + Level 1.3 Shields
 * Level 2.3 Unarmed Combat
 - Level 1.2 Spellcasting
 - Level 2.5 Ice Magic


You had 4 spell levels left.
You knew the following spells:

 Your Spells              Type           Power      Damage    Failure   Level
a - Freeze                Ice            12%        1d4       75%         1

Your spell library contained the following spells:

 Spells                   Type           Power      Damage    Failure   Level
 Frozen Ramparts          Ice            6%         1d2       98%         3


Dungeon Overview and Level Annotations

Branches:
Dungeon (2/15)

Altars:
Zin

Shops:
D:1 :


Innate Abilities, Weirdness & Mutations

You thrive by killing the living.
You are immune to poison.
You have sharp fingernails.
Your flesh is cold resistant. (rC+)
You are immune to negative energy. (rN+++)
You do not regenerate when monsters are visible.
You are immune to unholy pain and torment.
You can survive without breathing.


Message History

There is a stone staircase leading up here.
A kobold brigand is nearby!
A kobold brigand is nearby!
The kobold brigand shouts!
The kobold brigand closely misses you.
You hit the kobold brigand but do no damage.
You block the kobold brigand's attack. The kobold brigand barely misses you.
You hit the kobold brigand.
The kobold brigand is lightly wounded.
The kobold brigand hits you with a +0 short sword.
You hit the kobold brigand but do no damage.
The kobold brigand is lightly wounded.
The kobold brigand closely misses you.
You hit the kobold brigand.
The kobold brigand is lightly wounded.
You block the kobold brigand's attack.
A worm comes into view.
You barely miss the kobold brigand.
The kobold brigand is lightly wounded.
The kobold brigand hits you with a +0 short sword. x2
You hit the kobold brigand but do no damage.
The kobold brigand is lightly wounded.
The kobold brigand hits you with a +0 short sword!
You are too injured to fight recklessly!
You are too injured to fight recklessly!
You are too injured to fight recklessly!
You are too injured to fight recklessly!
You are too injured to fight recklessly!
You hit the kobold brigand but do no damage.
The kobold brigand is lightly wounded.
The kobold brigand hits you but does no damage.
Your shield prevents you from hitting the kobold brigand.
The kobold brigand is lightly wounded.
The kobold brigand hits you with a +0 short sword.
You hit the kobold brigand.
The kobold brigand is lightly wounded.
The kobold brigand hits you with a +0 short sword!
* * * LOW HITPOINT WARNING * * *
The kobold brigand hits you with a +0 short sword.
You die...

♣.♣.########
......<....#
#♣..######.#
##.## #.#
...# #.#
##.# #.#
...# #.# #
####
#.#######.#
#......@Kw#
###########


You could see a kobold brigand and a worm.

Vanquished Creatures
  2 adders (D:2)
  A worm (D:2)
  3 bats (D:1)
  5 endoplasms
  3 giant cockroaches
  3 goblins
  3 hobgoblins
  2 jackals (D:2)
  2 quokkas (D:2)
  A ball python (D:1)
  3 frilled lizards
  2 kobolds (D:2)
  6 rats
36 creatures vanquished.

Notes
Turn   | Place    | Note
-------+----------+-------------------------------------------
     0 | D:1      | Otlao the Ghoul Wanderer began the quest for the Orb.
     0 | D:1      | Otlao set off with the following items: a +0 spear, a +0
                  | kite shield, a +0 robe; and the following spell memorised:
                  | Freeze; and the following spells available to memorise:
                  | Frozen Ramparts
     0 | D:1      | Reached XP level 1. HP: 17/17 MP: 1/1
   283 | D:1      | Reached XP level 2. HP: 24/25 MP: 2/2
   395 | D:1      | Found Sahaff's Book Shoppe.
   400 | D:1      | Reached skill level 1 in Unarmed Combat
  1074 | D:2      | Found a faded altar of an unknown god.
  1103 | D:2      | Reached XP level 3. HP: 29/30 MP: 3/3
  1577 | D:2      | Noticed a kobold brigand
  2023 | D:2      | Reached XP level 4. HP: 21/37 MP: 4/4
  2322 | D:2      | Slain by a kobold brigand

Illustrated notes

Levels and vault maps discovered:
D:1:      amcnicky_arrival_feature_with_door, layout_basic, serial_shops, shop
D:2:      layout_loops_ring, chequers_ecumenical_altar_grove, basic_altar

Skill      XL: |  1  2  3 |
---------------+----------+-----
Unarmed Combat | 1 2 |  2.3
Fighting       | |  2.6
Polearms       | |  1.0
Throwing       | |  1.0
Dodging        | |  1.5
Stealth        | |  1.1
Shields        | |  1.3
Spellcasting   | |  1.2
Ice Magic      | |  2.5

Action                   |  1- 3 |  4- 6 || total
-------------------------+-------+-------++-------
Melee: Unarmed           |   162 |     9 ||   171
  Use: Scroll            |     3 |       ||     3
 Stab: Sleeping          |     1 |       ||     1
Armor: Robe              |    35 |       ||    35
       Leather armour    |    33 |     1 ||    34
Dodge: Dodged            |    60 |     3 ||    63
Block: Kite shield       |    76 |     2 ||    78

Table legend: (Time is in decaauts)
 A = Elapsed time spent in this place.
 B = Non-inter-level travel time spent in this place.
 C = Inter-level travel time spent in this place.
 D = Time resting spent in this place.
 E = Time spent auto-exploring this place.
 F = Levels seen in this place.
 G = Mean time per level.
                   A        B        C        D        E       F      G
               +--------+--------+--------+--------+--------+-----+--------+
         Total |   2366 |   2277 |     89 |    132 |   1777 |   2 | 1183.0 |
       Dungeon |   2366 |   2277 |     89 |    132 |   1777 |   2 | 1183.0 |
               +--------+--------+--------+--------+--------+-----+--------+

Top non-repeatable levels by time:
     D:1: 1238 daAuts
     D:2: 1128 daAuts
